 Dungeon Crawl Stone Soup version 0.18-a0-1225-g5d63bca (webtiles) character file.

8380 M4edhros the Covert (level 11, -2/65 HPs)
             Began as an Octopode Artificer on Feb 3, 2016.
             Was a Priest of Fedhas.
             Killed from afar by Chiseanne's ghost (40 damage)
             ... with a bolt of lightning
             ... on level 10 of the Dungeon.
             The game lasted 00:28:05 (10320 turns).

M4edhros the Covert (Octopode Artificer)           Turns: 10320, Time: 00:28:12

Health: -2/65      AC:  1    Str: 10    XL:     11   Next: 30%
Magic:  16/16      EV: 15    Int: 18    God:    Fedhas [***...]
Gold:   616        SH: 10    Dex: 15    Spells: 0 memorised, 10 levels left

rFire  + . .     SeeInvis .     o - +4 hunting sling
rCold  . . .     Gourm    .     e - +0 shield
rNeg   + . .     Faith    .     (helmet restricted)
rPois  .         Spirit   .     (no amulet)
rElec  .         Dismiss  .     u - ring of positive energy
rCorr  .         Reflect  .     P - ring of stealth
SustAt .         Harm     .     s - ring of protection from fire
MR     .....     Rnd*Rage +     (no ring)
Stlth  ++++++++..               (no ring)
                                (no ring)
                                (no ring)
                                (no ring)

@: not resistant to hostile enchantments, extraordinarily stealthy
A: almost no armour, amphibious, 8 rings, constrict 8, camouflage 1, agile 1,
berserk 1, blink, frail 1, gelatinous body 1, no device heal 1
a: Blink, Evolution, Sunlight, Growth, Renounce Religion


You were on level 10 of the Dungeon.
You worshipped Fedhas.
Fedhas was most pleased with you.
You were not hungry.

You visited 1 branch of the dungeon, and saw 10 of its levels.

You collected 713 gold pieces.
You spent 97 gold pieces at shops.

Inventory:

Hand Weapons
 i - a +2 spear of venom
 j - a +3 spear of chaos
 o - a +4 hunting sling (weapon)
 Q - a +1 mace of protection
Missiles
 k - 67 sling bullets
 v - 356 stones (quivered)
Armour
 e - a +0 shield (worn)
 M - a +1 buckler
Jewellery
 s - a ring of protection from fire (on tentacle)
 u - a ring of positive energy (left tentacle)
 P - a ring of stealth (right tentacle)
Wands
 b - a wand of flame (1/48)
 c - a wand of enslavement (9/24)
 d - a wand of random effects (5/48)
 m - a wand of random effects (12/48)
 t - a wand of confusion (21/48)
 x - a wand of lightning (1/15)
 D - a wand of polymorph (4/24)
 L - a wand of slowing (13/48)
 N - a wand of iceblast (5/15)
 O - a wand of teleportation (3/9)
Scrolls
 a - 2 scrolls of teleportation
 r - 4 scrolls of blinking
 w - 3 scrolls of recharging
 y - 6 scrolls of remove curse
 J - 3 scrolls of magic mapping
 R - a scroll of immolation {unknown}
Potions
 p - 5 potions of brilliance
 A - a potion of lignification {unknown}
 B - a potion of flight {unknown}
 C - 2 potions of resistance {unknown}
 E - 2 potions of agility {unknown}
 F - 2 potions of mutation {unknown}
 I - 3 potions of might {unknown}
 K - a potion of invisibility {unknown}
Books
 g - a book of Ice

   Spells                             Type                      Level
   a - Ice Form                       Ice/Transmutation            4
   b - Metabolic Englaciation         Hexes/Ice                    5
   c - Ozocubu's Refrigeration        Ice                          6
   d - Bolt of Cold                   Conjuration/Ice              6
   e - Freezing Cloud                 Conjuration/Ice/Air          6
   f - Simulacrum                     Ice/Necromancy               6
 G - Ibiyfih's Papyrus of Beguiling
   (You found it on level 5 of the Dungeon)

   Spells                             Type                      Level
   a - Corona                         Hexes                        1
   b - Confuse                        Hexes                        3
   c - Spectral Weapon                Hexes/Charms                 3
   d - Metabolic Englaciation         Hexes/Ice                    5
   e - Discord                        Hexes                        8
 H - a book of Enchantments

   Spells                             Type                      Level
   a - Cause Fear                     Hexes                        4
   b - Yara's Violent Unravelling     Hexes/Transmutation          5
   c - Silence                        Hexes/Air                    5
   d - Deflect Missiles               Charms/Air                   6
   e - Haste                          Charms                       6
   f - Discord                        Hexes                        8
Comestibles
 f - 10 bread rations
 h - a meat ration
 l - a slice of pizza
 n - 2 beef jerkies
 q - 11 fruits
 S - a royal jelly


   Skills:
 + Level 6.3 Fighting
   Level 1.0 Short Blades
 + Level 6.2 Slings
 + Level 7.7 Dodging
 + Level 11.5 Stealth
 * Level 7.2 Shields
 + Level 6.9 Invocations
 - Level 3.4 Evocations


You had 10 spell levels left.
You didn't know any spells.

Dungeon Overview and Level Annotations

Branches:
Dungeon (10/15)            Temple (0/1) D:7
   Lair: D:8-11         Orc: D:9-12

Altars:
Cheibriados
Dithmenos
Elyvilon
Fedhas
Makhleb
Nemelex Xobeh
Pakellas
Sif Muna
Vehumet
Xom
Yredelemnul
Zin

Shops:
D:10 *

Annotations:
D:10 Chiseanne's ghost, journeyman CeAE; Fannar


Innate Abilities, Weirdness & Mutations

You cannot wear most types of armour.
You are amphibious.
You can wear up to eight rings at the same time.
You can use your tentacles to constrict eight enemies at once.
Your skin changes colour to match your surroundings (Stealth).
Your rubbery body absorbs attacks (AC +1).
You are agile. (Dex +2)
You tend to lose your temper in combat.
You can translocate small distances at will.
You are frail (-10% HP).
Potions and wands are less effective at restoring your health.


Message History

Zapping:
b - a wand of flame (2/48)
Press: ? - help, Shift-Dir - straight line, f - electric eel
Aim: an electric eel The puff of flame hits the electric eel.
The electric eel is heavily wounded.
This wand has 1 charge left.
Chiseanne's ghost turns its malevolent gaze towards you.
The electric eel is engulfed in a cloud of scalding steam.
You kill the electric eel!
You hear a splash.
Okay, then.
You offer a prayer to Fedhas.
Some toadstools grow from a nearby corpse.
Fedhas appreciates your contribution to the ecosystem.
Fedhas is most pleased with you.
Chiseanne's ghost gestures at you while chanting.
The bolt of lightning hits you! x2
Ouch! That really hurt!
You die...
Fedhas appreciates your contribution to the ecosystem.

#.....#.......##'####.).......
#.....##...>..##...##....P....
#.....##......##....#(....P.§.
#...................#..P.P.P..
###...÷...............#(.P(.....
#...............f....##...##....
#...............ff...##(((######
#..#'#..##...##.##...##(...#
#..#∩#..##...##@#######(((.#
#..###..#...P.......W.(..<.#
#.......#.§PP...≈....((.(.##
####>....#..PP≈≈.≈.≈.≈..≈..#
...#.....#....≈.≈.≈≈.≈..≈..#
........)#....≈≈≈≈≈.≈$≈≈.).#
..##..)).#.≈..≈≈≈≈≈≈≈≈((...# .
#...).#.≈≈≈≈≈≈≈≈≈≈≈≈....#
#.....# ≈h≈≈≈≈.##


You could see Chiseanne's ghost and 2 friendly wandering mushrooms.

Vanquished Creatures
  A deep elf knight (D:8)
  An unseen horror (D:8)
  A hill giant (D:9)
  An ugly thing (D:9)
  A cyclops (D:8)
  A deep elf mage (D:8)
  3 wandering mushrooms
  A merfolk (D:10)
  A troll (D:10)
  A two-headed ogre (D:9)
  3 orc warriors
  An ice beast (D:8)
  A phantom (D:6)
  4 ogres
  4 centaurs
  A crocodile (D:10)
  4 electric eels (D:10)
  5 giant frogs
  Dowan (D:5)
  A scorpion (D:8)
  A killer bee (D:7)
  3 crimson imps
  6 hounds
  3 jellies
  4 orc priests
  A centaur skeleton (D:8)
  A giant frog skeleton (D:6)
  5 orc wizards
  2 iguanas
  3 worker ants
  3 hound skeletons
  Robin (D:4)
  6 gnolls
  9 adders
  2 shadow imps
  2 oozes
  3 adder skeletons
  6 worms
  6 giant geckos
  24 orcs
  9 bats
  7 giant cockroaches
  12 goblins
  9 hobgoblins
  22 jackals
  2 quokkas
  A ball python (D:4)
  2 giant gecko skeletons
  3 giant newts (D:1)
  A jackal skeleton (D:4)
  9 kobolds
  3 quokka skeletons
  5 rats
213 creatures vanquished.

Vanquished Creatures (collateral kills)
  Harold (D:10)
  A hill giant (D:10)
  An orc knight (D:10)
  Prince Ribbit (D:7)
  A yak (D:8)
  A vampire (D:5)
  A wyvern (D:9)
  A hungry ghost (D:7)
  A hippogriff (D:8)
  A wolf (D:10)
  Duvessa (D:5)
  5 orc warriors
  A phantom (D:4)
  A sky beast (D:10)
  2 ice beasts
  A crocodile (D:8)
  A big kobold (D:9)
  A gnoll sergeant (D:9)
  A water moccasin skeleton (D:5)
  A scorpion (D:9)
  10 killer bees
  A wight (D:8)
  6 hounds
  2 jellies
  5 orc priests
  3 orc wizards
  2 iguanas
  2 worker ants
  2 gnolls
  An adder (D:4)
  A shadow imp (D:5)
  14 orcs
  3 goblins (D:4)
  A quokka (D:8)
  A giant newt (D:4)
79 creatures vanquished.

Vanquished Creatures (others)
  An ogre (D:10)
  2 killer bees (D:10)
  A wasp zombie (D:8)
  A killer bee zombie (D:10)
  12 wandering mushrooms
  A worker ant zombie (D:10)
  205 toadstools
223 creatures vanquished.

Grand Total: 515 creatures vanquished

Notes
Turn   | Place    | Note
--------------------------------------------------------------
     0 | D:1      | M4edhros the Octopode Artificer began the quest for the Orb.
     0 | D:1      | Reached XP level 1. HP: 13/13 MP: 3/3
   115 | D:1      | Reached XP level 2. HP: 13/18 MP: 4/4
   423 | D:2      | Found a shadowy altar of Dithmenos.
   556 | D:2      | Found a blossoming altar of Fedhas.
   569 | D:2      | Became a worshipper of Fedhas Madash
   602 | D:2      | Reached XP level 3. HP: 8/23 MP: 5/5
  1667 | D:2      | Reached skill level 4 in Stealth
  1667 | D:2      | Reached XP level 4. HP: 13/28 MP: 6/6
  1911 | D:2      | Found a deep blue altar of Sif Muna.
  1993 | D:2      | Reached * piety under Fedhas
  2364 | D:3      | Reached skill level 5 in Stealth
  2418 | D:3      | Reached skill level 1 in Invocations
  2418 | D:3      | Reached XP level 5. HP: 28/33 MP: 7/7
  2547 | D:3      | Found a radiant altar of Vehumet.
  2547 | D:3      | Found a basalt altar of Yredelemnul.
  2552 | D:3      | Found a white marble altar of Elyvilon.
  2675 | D:3      | Reached ** piety under Fedhas
  2884 | D:3      | Found a shimmering altar of Xom.
  3244 | D:4      | Noticed a phantom
  3245 | D:4      | Reached skill level 6 in Stealth
  3266 | D:4      | Killed a phantom
  3266 | D:4      | Reached XP level 6. HP: 29/38 MP: 8/8
  3556 | D:4      | Noticed Robin
  3567 | D:4      | Reached skill level 7 in Stealth
  3580 | D:4      | Killed Robin
  3741 | D:4      | Reached XP level 7. HP: 43/43 MP: 9/9
  3784 | D:5      | Entered Level 5 of the Dungeon
  3809 | D:5      | Noticed Duvessa
  3825 | D:5      | Killed Duvessa
  3833 | D:5      | Noticed Dowan
  3836 | D:5      | Reached skill level 1 in Slings
  3846 | D:5      | Killed Dowan
  3906 | D:5      | Identified Ibiyfih's Papyrus of Beguiling
  4257 | D:5      | Noticed a vampire
  4274 | D:5      | Killed a vampire
  4274 | D:5      | Reached skill level 8 in Stealth
  4391 | D:6      | Reached XP level 8. HP: 41/50 MP: 10/10
  4442 | D:6      | Reached skill level 5 in Dodging
  4462 | D:6      | Reached *** piety under Fedhas
  5037 | D:7      | Found a snail-covered altar of Cheibriados.
  5066 | D:7      | Noticed Prince Ribbit
  5077 | D:7      | Killed Prince Ribbit
  5087 | D:7      | Found an oddly glowing altar of Pakellas.
  5304 | D:7      | Found a staircase to the Ecumenical Temple.
  5819 | D:7      | Reached skill level 9 in Stealth
  5865 | D:8      | Reached skill level 1 in Shields
  5865 | D:8      | Reached XP level 9. HP: 57/57 MP: 12/12
  6156 | D:8      | Reached skill level 5 in Invocations
  6168 | D:8      | Noticed a cyclops
  6279 | D:8      | Killed a cyclops
  6470 | D:8      | Noticed a deep elf mage
  6472 | D:8      | Noticed a deep elf knight
  6480 | D:8      | Killed a deep elf knight
  6480 | D:8      | Killed a deep elf mage
  6480 | D:8      | Reached skill level 10 in Stealth
  6480 | D:8      | Reached XP level 10. HP: 47/65 MP: 12/14
  6534 | D:8      | Noticed an unseen horror
  6549 | D:8      | Killed an unseen horror
  6549 | D:8      | Reached skill level 5 in Slings
  6914 | D:8      | Reached skill level 5 in Fighting
  6934 | D:8      | Reached **** piety under Fedhas
  7186 | D:8      | Found a burning altar of Makhleb.
  7232 | D:8      | Reached skill level 5 in Shields
  7681 | D:9      | Gained mutation: You can translocate small distances at will. [potion of beneficial mutation]
  7805 | D:9      | Found a glowing silver altar of Zin.
  7820 | D:9      | Noticed a hill giant
  7840 | D:9      | Killed a hill giant
  8337 | D:9      | Noticed a brown ugly thing
  8349 | D:9      | Killed a brown ugly thing
  8355 | D:9      | Gained mutation: You occasionally shout uncontrollably at your foes. [mutagenic meat]
  8451 | D:10     | Entered Level 10 of the Dungeon
  8524 | D:10     | Noticed Harold
  8540 | D:10     | Noticed Fannar
  8573 | D:10     | Noticed Chiseanne's ghost (journeyman CeAE)
  8582 | D:9      | Reached skill level 11 in Stealth
  8928 | D:7      | Found a sparkling altar of Nemelex Xobeh.
  9563 | D:10     | Reached XP level 11. HP: 54/72 MP: 15/15
  9586 | D:10     | Killed Harold
  9627 | D:10     | Gained mutation: Potions and wands are less effective at restoring your health. [mutagenic meat]
  9628 | D:10     | Lost mutation: You occasionally shout uncontrollably at your foes. [mutagenic meat]
  9629 | D:10     | Gained mutation: You are agile. (Dex +2) [mutagenic meat]
  9630 | D:10     | Gained mutation: You tend to lose your temper in combat. [mutagenic meat]
  9631 | D:10     | Gained mutation: You are frail (-10% HP). [mutagenic meat]
  9994 | D:10     | Found Ygapuwn's General Store.
 10160 | D:10     | Noticed an orc knight
 10169 | D:10     | Noticed a hill giant
 10170 | D:10     | Killed an orc knight
 10181 | D:10     | Killed a hill giant
 10296 | D:10     | Bought a scroll of enchant weapon for 97 gold pieces
 10320 | D:10     | Killed from afar by Chiseanne's ghost

Vault maps used:
D:1:      dpeg_arrival_round_b, bh_walls_and_bars
D:2:      fedhas_altar_fruit_tree, lemuel_coloured_pillars_altar,
          grunt_dithmenos_smoke_and_mirrors, minmay_misc_feat_x
D:3:      tgw_xom, minitemple
D:4:      uniq_robin
D:5:      first_bread, uniq_duvessa
D:6:      minmay_misc_feat_plants
D:7:      slow_altar_2, nicolae_overflow_hidden_temple, kennysheep_little_box,
          minmay_temple_entry_hall, uniq_prince_ribbit1
D:8:      hangedman_cross_veins, marbit_many_paths
D:9:      old_standard_altar
D:10:     erik_lair_island, orc_david_3, serial_shops, kennysheep_mini_moat,
          hangedman_fish_farm, uniq_fannar, uniq_harold

Action                   |  1- 3 |  4- 6 |  7- 9 | 10-12 || total
-------------------------+-------+-------+-------+-------++-------
Melee: Short sword       |    73 |    41 |       |       ||   114
       Spear             |       |    99 |   163 |    67 ||   329
       Unarmed           |       |       |     7 |       ||     7
 Fire: Hunting sling     |       |       |    16 |   397 ||   413
Invok: Evolution         |       |     2 |     3 |    13 ||    18
       Sunlight          |       |       |     1 |     5 ||     6
Evoke: Wand              |     1 |     2 |    10 |    20 ||    33
  Use: Scroll            |       |     6 |     4 |    10 ||    20
       Potion            |       |       |     2 |     8 ||    10
 Stab: Sleeping          |     7 |    20 |    17 |     2 ||    46
       Confused          |       |     1 |     2 |     5 ||     8
       Petrifying        |       |     1 |       |       ||     1
       Distracted        |       |       |     1 |       ||     1
       Petrified         |       |       |     1 |       ||     1
  Eat: Meat ration       |     1 |     1 |     1 |     2 ||     5
       Chunk             |       |     1 |       |     6 ||     7
       Pizza             |       |       |     1 |       ||     1
       Bread ration      |       |       |       |     1 ||     1
